 Dungeon Crawl Stone Soup version 0.27-a0-1217-g8a41f320e8 (webtiles) character file.

Game seed: 7203054393025163218

32 Froggeryz the Chopper (level 3, 0/28 HPs)
             Began as a Palentonga Gladiator on June 6, 2021.
             Succumbed to a kobold's poison
             ... on level 2 of the Dungeon.
             The game lasted 00:00:54 (1466 turns).

Froggeryz the Chopper (Palentonga Gladiator)        Turns: 1466, Time: 00:00:54

Health: 0/28       AC:  7    Str: 18    XL:     3   Next: 10%
Magic:  3/3        EV: 10    Int:  8    God:
Gold:   34         SH:  0    Dex: 13    Spells: 2/2 levels left

rFire    + . .     SeeInvis +   a - +0 war axe
rCold    + . .     Faith    .   (no shield)
rNeg     . . .     Spirit   .   b - +0 leather armour
rPois    +         Reflect  .   c - +0 helmet
rElec    .         Harm     .   h - scarf {rC+ rF+}
rCorr    .         Rampage  .   (no gloves)
Will     .....                  (no barding)
Stlth    +.........             (no amulet)
HPRegen  0.09/turn              (no ring)
MPRegen  0.08/turn              (no ring)

@: mighty, lethally poisoned (0 -> -5)
A: large, rugged brown scales 3, see invisible, deformed body, roll 1, armoured
tail, iridescent scales 1, agile 1, poison resistance, MP-powered wands
a: Rolling Charge


You were on level 2 of the Dungeon.
You visited 1 branch of the dungeon, and saw 2 of its levels.

You collected 34 gold pieces.

Inventory:

Hand Weapons
 a - a +0 war axe (weapon)
Missiles
 d - 2 throwing nets (quivered)
Armour
 b - a +0 leather armour (worn)
 c - a +0 helmet (worn)
 h - a scarf of resistance (worn)
Jewellery
 g - an amulet of faith
Scrolls
 f - 3 scrolls of teleportation
 i - a scroll of holy word {unknown}
 j - a scroll of magic mapping {unknown}


   Skills:
 - Level 2.0 Fighting
 * Level 4.3 Axes
 - Level 1.3 Throwing
 - Level 2.4 Dodging


You had 2 spell levels left.
You didn't know any spells.
Your spell library was empty.

Dungeon Overview and Level Annotations

Branches:
Dungeon (2/15)

Altars:


Innate Abilities, Weirdness & Mutations

You are completely covered in rugged brown scales. (AC +3, +7% HP)
You have supernaturally acute eyesight. (SInv)
Armour fits poorly on your strangely shaped body.
You can roll at nearby foes to attack.
You have a long armoured tail.
You are partially covered in iridescent scales. (AC +2)
You are agile. (Dex +2)
Your system is resistant to poisons. (rPois)
You expend magic power (3 MP) to strengthen your wands.


Message History

You are too injured to fight recklessly!
It was a potion of might.
You feel very mighty all of a sudden.
* * * LOW HITPOINT WARNING * * *
You feel very sick.
The ball python hisses angrily.
It was a potion of mutation.
You feel extremely strange.
You feel your magical essence link to the dungeon's wands.
You feel agile.
Iridescent scales grow over part of your body.
You feel resistant to poisons.
* * * LOW HITPOINT WARNING * * *
You feel sick.
As you read the scroll labelled TOSON NUTREZAB, it crumbles to dust.
You feel strangely unstable.
It was a scroll of teleportation.
* * * LOW HITPOINT WARNING * * *
You feel sick.
* * * LOW HITPOINT WARNING * * *
You feel sick.
Things that are here:
a +0 dagger; a kobold corpse Your surroundings suddenly seem different.
* * * LOW HITPOINT WARNING * * *
You feel sick.
A gnoll comes into view. It is wielding a +0 halberd.
The gnoll shouts!
A gnoll comes into view. It is wielding a +0 whip.
The gnoll shouts!
A gnoll comes into view. It is wielding a +0 flail.
The gnoll shouts!
Found 28 sling bullets.
You aren't carrying any potions.
Okay, then.
You aren't carrying any potions.
Throw: 3 throwing nets
Press: ? - help, Q - select action, (/) - cycle Shift-Dir - straight line, f - you Really target yourself?
That throwing net is likely to hit you.
Continue anyway?
You throw a throwing net. The throwing net closely misses you.
You die...

.. ..#
#.###..###
#........##
###..........
............ .
#..........
....#.(........
#....@.......
####.........
#........#
#....g....
#....g....
........
..........
........
....g.....
.........
...........
.........


You could see 3 gnolls.

Vanquished Creatures
  3 bats (D:1)
  3 endoplasms (D:1)
  3 goblins (D:1)
  2 hobgoblins (D:1)
  6 kobolds
  3 quokkas (D:1)
  3 ball pythons (D:1)
  3 frilled lizards (D:1)
  2 rats (D:1)
28 creatures vanquished.

Notes
Turn   | Place    | Note
-------+----------+-------------------------------------------
     0 | D:1      | Froggeryz the Palentonga Gladiator began the quest for the
                  | Orb.
     0 | D:1      | Reached XP level 1. HP: 17/17 MP: 1/1
   124 | D:1      | Reached XP level 2. HP: 10/23 MP: 2/2
   430 | D:1      | Reached skill level 4 in Axes
   907 | D:1      | Reached XP level 3. HP: 28/28 MP: 3/3
  1462 | D:2      | Gained mutation: You expend magic power (3 MP) to
                  | strengthen your wands. [potion of mutation]
  1462 | D:2      | Gained mutation: You are agile. (Dex +2) [potion of
                  | mutation]
  1462 | D:2      | Gained mutation: You are partially covered in iridescent
                  | scales. (AC +2) [potion of mutation]
  1462 | D:2      | Gained mutation: Your system is resistant to poisons.
                  | (rPois) [potion of mutation]
  1465 | D:2      | HP: 1/28 [poisoned by a kobold]
  1466 | D:2      | Succumbed to a kobold's poison

Illustrated notes

Levels and vault maps discovered:
D:1:      lightli_arrival_noodles, layout_basic, dk_noncrumbling_3,
          minmay_pentomino_p2
D:2:      layout_rooms, serial_bayou_crossing

Skill      XL: |  1  2 |
---------------+-------+-----
Axes           | 4 |  4.3
Fighting       | |  2.0
Throwing       | |  1.3
Dodging        | |  2.4

Action                   || total
-------------------------++-------
Melee: War axe           ||    62
       Tailslap          ||     6
Throw: Throwing net      ||     1
  Use: Potion            ||     2
       Scroll            ||     1
Armor: Leather armour    ||    39
Dodge: Dodged            ||    32

Table legend: (Time is in decaauts)
 A = Elapsed time spent in this place.
 B = Non-inter-level travel time spent in this place.
 C = Inter-level travel time spent in this place.
 D = Time resting spent in this place.
 E = Time spent auto-exploring this place.
 F = Levels seen in this place.
 G = Mean time per level.
                   A        B        C        D        E       F      G
               +--------+--------+--------+--------+--------+-----+--------+
         Total |   1484 |   1437 |     47 |      0 |   1274 |   2 |  742.0 |
       Dungeon |   1484 |   1437 |     47 |      0 |   1274 |   2 |  742.0 |
               +--------+--------+--------+--------+--------+-----+--------+

Top non-repeatable levels by time:
     D:1: 1465 daAuts
     D:2: 19 daAuts
